 Dungeon Crawl Stone Soup version 0.28.0-49-g6dfe1f597d (webtiles) character file.

Game seed: 6739533225217148026

127 Kniotic the Insei (level 4, -4/32 HPs)
             Began as a Demonspawn Transmuter on May 10, 2022.
             Killed from afar by an orc wizard (6 damage)
             ... with a puff of flame
             ... on level 3 of the Dungeon.
             The game lasted 00:01:59 (2219 turns).

Kniotic the Insei (Demonspawn Transmuter)           Turns: 2219, Time: 00:02:00

Health: -4/32      AC:  2    Str: 11    XL:     4   Next: 85%
Magic:  7/7        EV: 12    Int: 14    God:
Gold:   81         SH:  0    Dex: 15    Spells: 6/7 levels left

rFire   . . .      SeeInvis .     - Unarmed
rCold   + + .      Faith    .   (no shield)
rNeg    . . .      Spirit   .   a - +0 robe
rPois   +          Reflect  .   (helmet restricted)
rElec   +          Harm     .   (no cloak)
rCorr   +          Rampage  .   (no gloves)
Will    .....                   (no boots)
Stlth   +.........              (no amulet)
HPRegen 0.10/turn               c - ring of ice
MPRegen 0.10/turn               (no ring)

@: resistant
A: horns 1
a: no special abilities


You were on level 3 of the Dungeon.
You visited 1 branch of the dungeon, and saw 3 of its levels.

You collected 81 gold pieces.

Inventory:

Armour
 a - a +0 robe (worn)
Jewellery
 c - a ring of ice (left hand)
 e - a ring of see invisible
Scrolls
 b - 2 scrolls of blinking {unknown}
 g - 2 scrolls of identify {unknown}
 h - a scroll of immolation {unknown}
Potions
 f - a potion of magic {unknown}


   Skills:
 - Level 1.0 Fighting
 - Level 1.7 Dodging
 * Level 4.4 Unarmed Combat
 - Level 2.0 Spellcasting
 + Level 3.0 Transmutations


You had 6 spell levels left.
You knew the following spells:

 Your Spells              Type           Power      Damage    Failure   Level
a - Beastly Appendage     Tmut           18%        N/A       7%          1

Your spell library contained the following spells:

 Spells                   Type           Power      Damage    Failure   Level
 Wereblood                Tmut           9%         N/A       11%         2
 Apportation              Tloc           2%         N/A       24%         1
 Shock                    Conj/Air       4%         1d3       24%         1
 Spider Form              Tmut/Pois      5%         N/A       36%         3
 Swiftness                Air            1%         N/A       56%         3
 Ice Form                 Ice/Tmut       8%         N/A       77%         4
 Airstrike                Air            0%         N/A       93%         4
 Alistair's Intoxication  Tmut/Pois      3%         N/A       98%         5


Dungeon Overview and Level Annotations

Branches:
Dungeon (3/15)

Altars:
Yredelemnul


Innate Abilities, Weirdness & Mutations

You have a pair of small horns on your head.


Message History

Confirm with . or Enter, or press ? or * to list all spells.
Your feet morph into talons.
Found a dagger.
The orc wizard gestures wildly while chanting.
The orc wizard flickers and vanishes!
Deactivating autopickup; reactivate with Ctrl-A.
No target in view!
No target in view!
Your transformation is almost over.
There is a stone staircase leading up here.
Something hits you.
You hit something. Something hits you.
You miss something. Something hits you.
You closely miss something. Your kick misses something.
Your headbutt misses something. Something hits you.
You hit something but do no damage. Something hits you.
You closely miss something. You claw something.
Your talons disappear.
Something hits you.
You hit something. Something hits you.
You hit something. Your headbutt misses something.
Something hits you but does no damage.
You miss something. Something hits you but does no damage.
You barely miss something. Something hits you.
You closely miss something. You barely miss something.
Your headbutt misses something.
You hear some strange, mumbled words.
A magic dart appears from out of thin air!
The magic dart hits you!
* * * LOW HITPOINT WARNING * * *
You closely miss something. Your headbutt misses something. Something hits you.
* * * LOW HITPOINT WARNING * * *
You hit something but do no damage. Something hits you.
* * * LOW HITPOINT WARNING * * *
It was a potion of resistance.
You feel protected.
You hear some strange, mumbled words.
A puff of flame appears from out of thin air!
The puff of flame hits you.
You die...

# ###.#.#.....#
######... #.
#...#.#.....#
#........
#..#####...#.#.....#
#.#######
...........#.#.....#
#.#
...........#.#.....#
#.# ##
..h...†....#.#.....#
#.# #.
......)............#
#.# #.
...........#.#{....#
#.# #.
#...########..@....#
#.# #. ##.
######..####.# #.
#......>.....# ##
#.############ #.#
#.# #.#
############## #.#
#............. #.#
#.############


There were no monsters in sight!

Vanquished Creatures
  A scorpion (D:3)
  4 adders (D:2)
  A dart slug (D:3)
  5 bats
  2 endoplasms
  A giant cockroach (D:1)
  3 goblins (D:2)
  3 hobgoblins
  3 kobolds
  2 quokkas (D:2)
  6 ball pythons (D:2)
  A frilled lizard (D:1)
  2 rats
34 creatures vanquished.

Notes
Turn   | Place    | Note
-------+----------+-------------------------------------------
     0 | D:1      | Kniotic the Demonspawn Transmuter began the quest for the
                  | Orb.
     0 | D:1      | Reached XP level 1. HP: 15/15 MP: 3/3
    12 | D:1      | Found a faded altar of an unknown god.
   326 | D:1      | Reached skill level 3 in Unarmed Combat
   500 | D:1      | Discovered your monstrous ancestry.
   500 | D:1      | Gained mutation: You have a pair of small horns on your
                  | head. [demonic ancestry]
   500 | D:1      | Reached XP level 2. HP: 20/21 MP: 5/5
   719 | D:2      | Found a basalt altar of Yredelemnul.
   814 | D:2      | Reached XP level 3. HP: 14/26 MP: 6/6
  1916 | D:3      | Reached skill level 4 in Unarmed Combat
  1916 | D:3      | Reached XP level 4. HP: 30/32 MP: 7/7
  1920 | D:3      | Noticed a scorpion
  1929 | D:3      | Killed a scorpion
  2219 | D:3      | Killed from afar by an orc wizard

Illustrated notes

Levels and vault maps discovered:
D:1:      saegor_arrival_simple_a, layout_loops_ring,
          shapermc_ecumenical_altar_venn
D:2:      layout_basic, basic_altar
D:3:      layout_basic, gammafunk_temple_overflow_statue,
          trog_three_pillars_becter, fedhas_altar_4, serial_shops, shop

Skill      XL: |  1  2  3  4 |
---------------+-------------+-----
Unarmed Combat | 3 4 |  4.4
Transmutations | 2 3 |  3.0
Fighting       | |  1.0
Dodging        | |  1.7
Spellcasting   | |  2.0

Action                   |  1- 3 |  4- 6 || total
-------------------------+-------+-------++-------
Melee: Unarmed           |   114 |    27 ||   141
       Headbutt          |     9 |     2 ||    11
       Kick              |     2 |     1 ||     3
       Punch             |     1 |       ||     1
 Cast: Beastly Appendage |     1 |     1 ||     2
  Use: Potion            |     1 |     1 ||     2
 Stab: Sleeping          |     2 |       ||     2
Armor: Robe              |    38 |     5 ||    43
Dodge: Dodged            |    82 |    10 ||    92
